 Dungeon Crawl Stone Soup version 0.18-a0-965-g9200175 (webtiles) character file.

149 Ishamoridin the Ducker (level 5, 0/40 HPs)
             Began as a Demonspawn Gladiator on Jan 1, 2016.
             Was an Initiate of Qazlal.
             Killed from afar by an orc wizard (6 damage)
             ... with a magic dart
             ... on level 3 of the Dungeon.
             The game lasted 00:20:46 (3179 turns).

Ishamoridin the Ducker (Demonspawn Gladiator)       Turns: 3179, Time: 00:20:46

Health: 0/40       AC: 12    Str: 17    XL:     5   Next: 9%
Magic:  5/5        EV: 11    Int:  9    God:    Qazlal [......]
Gold:   151        SH:  0    Dex: 13    Spells: 0 memorised, 4 levels left

rFire  . . .     SeeInvis .     G - -1 short sword (curse)
rCold  . . .     Gourm    .     l - +0 scale mail
rNeg   . . .     Faith    .     (no shield)
rPois  .         Spirit   .     y - +2 hat
rElec  .         Dismiss  .     n - +1 cloak
rCorr  .         Reflect  .     (no gloves)
SustAt .         Harm     +     i - +0 pair of boots
MR     .....                    j - amulet of harm
Stlth  ..........               (no ring)
                                u - +1 ring of protection

@: slowed, very slow, not resistant to hostile enchantments, extremely
unstealthy
A: powered by pain 1, rot immunity
a: Renounce Religion


You were on level 3 of the Dungeon.
You worshipped Qazlal.
Qazlal was noncommittal.
You were not hungry.

You visited 1 branch of the dungeon, and saw 3 of its levels.

You collected 151 gold pieces.

Inventory:

Hand Weapons
 a - a +2 long sword
 b - a +2 short sword of speed
 G - a cursed -1 short sword (weapon)
Missiles
 h - 136 stones (quivered)
 q - 5 javelins
 x - 9 poisoned needles
 z - 25 arrows
 E - 13 arrows of flame
Armour
 i - a +0 pair of boots (worn)
 l - a +0 scale mail (worn)
 n - a +1 cloak (worn)
 y - a +2 hat (worn)
Jewellery
 j - an amulet of harm (around neck)
 u - a +1 ring of protection (left hand)
Wands
 B - a wand of polymorph (5/24)
Scrolls
 c - a scroll of teleportation
 m - 4 scrolls of identify
Potions
 e - a potion of cure mutation
Comestibles
 f - 2 bread rations
 k - 2 meat rations
 w - 3 fruits
 A - a royal jelly


   Skills:
 + Level 2.9 Fighting
 + Level 0.1(2.0) Short Blades
 + Level 3.3 Long Blades
 + Level 2.1 Throwing
 + Level 1.0 Armour
 + Level 4.0 Dodging


You had 4 spell levels left.
You didn't know any spells.

Dungeon Overview and Level Annotations

Branches:
Dungeon (3/15)

Altars:
Nemelex Xobeh
Qazlal


Innate Abilities, Weirdness & Mutations

You sometimes gain a little power by taking damage.
You are immune to rotting.


Message History

A puff of flame appears from out of thin air!
The puff of flame hits you! The orc hits you but does no damage.
You hit the orc but do no damage. Something hits you but does no damage.
The orc hits you but does no damage. x2
Something hits you but does no damage. The orc barely misses you.
Unknown command.
You closely miss the orc. The orc closely misses you.
Something hits you but does no damage.
Unknown command.
You hit the orc wizard.
The orc wizard is heavily wounded.
The orc hits you with a club.
* * * LOW HITPOINT WARNING * * *
The orc wizard hits you but does no damage.
Something hits you but does no damage. The orc hits you with a club.
* * * LOW HITPOINT WARNING * * *
Something hits you but does no damage. The orc wizard casts a spell at you.
The magic dart hits you!
You die...

#..# ..## #...
#.(. ###..#
#..# ##.#..#
#..# ##.....#
#..# ##......#
#.o# #........
#oo# ##....>..
#{@# ##...###
#.(# ##.##
#.(#### #.#
#.....## #.#
##..###.#####
#.#### #...#
##..)<###.##..
#...#
##.))........
#...#
#...........
#.###
##.#.#.#.####


You could see an orc wizard and 2 orcs.

Vanquished Creatures
  An orc priest (D:3)
  Terence (D:2)
  Robin (D:2)
  An adder (D:2)
  A worm (D:3)
  2 giant geckos
  3 orcs (D:3)
  6 giant cockroaches
  13 goblins
  5 hobgoblins
  9 kobolds
  10 bats
  2 giant newts (D:1)
  7 rats
62 creatures vanquished.

Notes
Turn   | Place    | Note
--------------------------------------------------------------
     0 | D:1      | Ishamoridin the Demonspawn Gladiator began the quest for the Orb.
     0 | D:1      | Reached XP level 1. HP: 16/16 MP: 1/1
   170 | D:1      | Reached skill level 3 in Dodging
   235 | D:1      | Gained mutation: You are immune to rotting. [demonic ancestry]
   235 | D:1      | Reached XP level 2. HP: 19/22 MP: 2/2
   775 | D:1      | You fall through a shaft!
   826 | D:2      | Reached XP level 3. HP: 28/28 MP: 3/3
  1050 | D:2      | Noticed Robin
  1164 | D:2      | Killed Robin
  1166 | D:2      | Reached XP level 4. HP: 20/34 MP: 4/4
  1559 | D:2      | Noticed Terence
  1570 | D:2      | Killed Terence
  1913 | D:3      | Found a stormy altar of Qazlal.
  1916 | D:3      | Became a worshipper of Qazlal Stormbringer
  2175 | D:3      | Reached skill level 1 in Armour
  2188 | D:3      | Gained mutation: You sometimes gain a little power by taking damage. [demonic ancestry]
  2188 | D:3      | Reached XP level 5. HP: 4/40 MP: 5/5
  2699 | D:3      | Found a sparkling altar of Nemelex Xobeh.
  2889 | D:3      | Reached skill level 4 in Dodging
  3179 | D:3      | Killed from afar by an orc wizard

Vault maps used:
D:1:      moated_graveyard_arrival, st_stairs_8, minmay_three_crescents
D:2:      hangedman_decor_diamond_cutter, uniq_terence, uniq_robin
D:3:      grunt_qazlal_clouds, nemelex_xobeh_ov_fountains_minmay, first_bread

Action                   |  1- 3 |  4- 6 || total
-------------------------+-------+-------++-------
Melee: Long sword        |   125 |     7 ||   132
       Unarmed           |    12 |     4 ||    16
       Short sword       |       |    89 ||    89
Throw: Throwing net      |     2 |     6 ||     8
  Use: Scroll            |     6 |     2 ||     8
       Potion            |       |     4 ||     4
 Stab: Sleeping          |     1 |       ||     1
       Held in net/web   |       |     1 ||     1
  Eat: Chunk             |     1 |     1 ||     2
       Royal jelly       |       |     1 ||     1
       Bread ration      |       |     1 ||     1
